 Dungeon Crawl Stone Soup version 0.21.0-3-g78d12a8 (webtiles) character file.

3167 inmateoo the Quickloader (level 9, 0/68 HPs)
             Began as a Demonspawn Hunter on Jan 9, 2018.
             Was an Elder of Okawaru.
             Slain by a wyvern zombie (11 damage)
             ... in an ossuary.
             The game lasted 00:09:25 (8103 turns).

inmateoo the Quickloader (Demonspawn Hunter)        Turns: 8103, Time: 00:09:26

Health: 0/68       AC:  9    Str: 13    XL:     9   Next: 63%
Magic:  13/13      EV: 15    Int: 13    God:    Okawaru [****..]
Gold:   384        SH:  0    Dex: 16    Spells: 7/8 levels left

rFire    . . .     SeeInvis .   b - +0 short sword
rCold    + + .     Gourm    .   (no shield)
rNeg     . . .     Faith    .   c - +0 leather armour
rPois    .         Spirit   .   x - +1 hat
rElec    .         Reflect  .   j - +1 cloak
rCorr    .         Harm     .   D - +2 pair of gloves
MR       .....                  (no boots)
Stlth    ++........             (no amulet)
HPRegen  0.21/turn              g - ring of protection from cold
MPRegen  0.13/turn              v - ring of flight

@: no status effects
A: antennae 1, cold resistance 1, spiny 1, sturdy frame 1
a: Heroism, Renounce Religion, Evoke Flight


You were in an ossuary.
You worshipped Okawaru.
Okawaru was greatly pleased with you.
You were very hungry.

You visited 2 branches of the dungeon, and saw 9 of its levels.
You also visited: Ossuary.

You collected 384 gold pieces.

Inventory:

Hand Weapons
 a - a +2 hand crossbow
 b - a +0 short sword (weapon)
 s - a +0 blowgun
Missiles
 d - 80 bolts
 t - 65 poisoned needles
Armour
 c - a +0 leather armour (worn)
 j - a +1 cloak (worn)
 x - a +1 hat (worn)
 D - a +2 pair of gloves (worn)
Jewellery
 g - a ring of protection from cold (left hand)
 v - a ring of flight (right hand)
Wands
 u - a wand of acid (6)
 F - a wand of disintegration (9)
 H - a wand of polymorph (19)
Scrolls
 l - 6 scrolls of remove curse
 m - 6 scrolls of teleportation
 p - 2 scrolls of enchant weapon
 q - 3 scrolls of magic mapping
 r - a scroll of fog
 w - 2 scrolls of enchant armour
 E - a scroll of amnesia
Potions
 e - a potion of resistance {unknown}
 h - 3 potions of curing
 i - a potion of might {unknown}
 k - a potion of flight
 o - 2 potions of mutation {unknown}
 z - a potion of cancellation {unknown}
 A - a potion of magic
 B - a potion of heal wounds
 C - a potion of haste
 G - a potion of brilliance {unknown}
Books
 n - a book of Maledictions

   Spells                             Type                      Level
   a - Corona                         Hexes                        1
   b - Ensorcelled Hibernation        Hexes/Ice                    2
   c - Confuse                        Hexes                        3
   d - Tukima's Dance                 Hexes                        3
   e - Dazzling Spray                 Conjuration/Hexes            3
Comestibles
 f - 7 rations


   Skills:
 - Level 5.0 Fighting
 * Level 9.6 Crossbows
 - Level 4.0 Armour
 - Level 5.0 Dodging
 - Level 0.8 Stealth
 - Level 6.0 Invocations


You had 7 spell levels left.
You knew the following spells:

 Your Spells              Type           Power        Failure   Level  Hunger
a - Corona                Hex            #......      32%         1    ##.....


Dungeon Overview and Level Annotations

Branches:
Dungeon (8/15)             Temple (1/1) D:4
   Lair: D:8-11

Altars:
Ashenzari
Dithmenos
Fedhas
Gozag
Kikubaaqudgha
Makhleb
Nemelex Xobeh
Okawaru
Ru
Trog
Uskayaw
Wu Jian
Xom
Yredelemnul
Zin

Shops:
D:6 }

Annotations:
D:4 Akransas's ghost, novice FoEE


Innate Abilities, Weirdness & Mutations

You have a pair of small antennae on your head.
Your flesh is cold resistant. (rC+)
You are partially covered in sharp spines.
Your movements are slightly less encumbered by armour. (ER -2)


Message History

You hit the wyvern zombie.
The wyvern zombie is heavily damaged.
The wyvern zombie is struck by your spines.
The wyvern zombie bites you. The wyvern zombie barely misses you.
You barely miss the wyvern zombie.
The wyvern zombie is severely damaged.
The wyvern zombie bites you but does no damage.
You hit the wyvern zombie.
The wyvern zombie is severely damaged.
The wyvern zombie bites you!
* * * LOW HITPOINT WARNING * * *
The wyvern zombie is struck by your spines.
The wyvern zombie barely misses you.
You barely miss the wyvern zombie.
The wyvern zombie is almost destroyed.
The wyvern zombie barely misses you.
You hit the wyvern zombie.
The wyvern zombie is almost destroyed.
The wyvern zombie bites you!
You die...

#≈## ≈ ≈≈##≈ ≈≈
≈≈≈≈#####≈#
#####≈##≈#≈#≈#
#≈##≈≈#≈#≈≈≈#
{#@ZP≈P#P#P≈P#
#+#≈≈.≈.≈≈#≈≈.####
{+..≈≈≈.≈.≈.≈≈≈≈P≈#
#.##'##'##'##.##≈
{+.#..!#.#...#
#.#...###.∩.#
'.#...# #∩..#
#.##### ##### '..{{
{


You could see a wyvern zombie.

Vanquished Creatures
  Menkaure (D:4)
  A water moccasin (D:7)
  A black bear (D:7)
  An eye of draining (D:6)
  An orc warrior (D:7)
  A sky beast (D:4)
  3 centaurs
  3 ogres
  2 phantoms (D:7)
  9 bullfrogs
  A big kobold (D:3)
  A gnoll sergeant (D:7)
  A scorpion (D:6)
  3 howler monkeys
  3 crimson imps
  A bullfrog zombie (D:6)
  2 centaur zombies (Ossuary)
  3 hounds
  3 orc priests
  A gnoll shaman (D:5)
  An orc wizard (D:7)
  9 worker ants
  A hound zombie (D:7)
  5 mummies (Ossuary)
  A howler monkey zombie (D:6)
  3 worker ant zombies
  8 gnolls
  10 adders
  A shadow imp (D:5)
  An adder zombie (D:7)
  A worm (D:2)
  6 dart slugs
  5 leopard geckos
  13 orcs
  7 bats
  6 giant cockroaches
  6 goblins
  10 hobgoblins
  7 jackals
  2 ball pythons
  2 frilled lizards
  2 giant cockroach zombies (Ossuary)
  9 kobolds
  A leopard gecko zombie (Ossuary)
  3 quokka zombies
  6 rats
168 creatures vanquished.

Vanquished Creatures (others)
  A withered plant (Ossuary)
1 creature vanquished.

Grand Total: 169 creatures vanquished

Notes
Turn   | Place    | Note
-------+----------+-------------------------------------------
     0 | D:1      | inmateoo the Demonspawn Hunter began the quest for the Orb.
     0 | D:1      | Reached XP level 1. HP: 16/16 MP: 1/1
   136 | D:1      | Gained mutation: You are partially covered in sharp spines. [demonic ancestry]
   136 | D:1      | Reached XP level 2. HP: 22/22 MP: 2/2
   316 | D:1      | Reached skill level 4 in Crossbows
   481 | D:1      | Reached XP level 3. HP: 19/27 MP: 3/3
   766 | D:1      | Reached skill level 1 in Armour
  1408 | D:2      | Found a faded altar of an unknown god.
  1691 | D:2      | Learned a level 1 spell: Corona
  1720 | D:2      | Reached XP level 4. HP: 32/34 MP: 4/4
  2437 | D:3      | Found a shadowy altar of Dithmenos.
  2928 | D:3      | Noticed a big kobold
  2939 | D:3      | Killed a big kobold
  2939 | D:3      | Gained mutation: Your movements are slightly less encumbered by armour. (ER -2) [demonic ancestry]
  2939 | D:3      | Reached XP level 5. HP: 28/41 MP: 5/5
  3183 | D:4      | Reached skill level 5 in Crossbows
  3194 | D:4      | Found a staircase to the Ecumenical Temple.
  3234 | D:4      | Noticed a sky beast
  3234 | Temple   | Entered the Ecumenical Temple
  3282 | Temple   | Became a worshipper of Warmaster Okawaru
  3301 | D:4      | Noticed Akransas's ghost (novice FoEE)
  3321 | D:4      | Killed a sky beast
  3321 | D:4      | Gained mutation: Your flesh is cold resistant. (rC+) [demonic ancestry]
  3321 | D:4      | Reached XP level 6. HP: 35/47 MP: 6/6
  3648 | D:4      | Reached * piety under Okawaru
  4471 | D:4      | Noticed Menkaure
  4478 | D:4      | Killed Menkaure
  4478 | D:4      | Reached XP level 7. HP: 53/53 MP: 7/7
  4684 | D:5      | Entered Level 5 of the Dungeon
  4910 | D:5      | Reached ** piety under Okawaru
  4910 | D:5      | Reached skill level 6 in Crossbows
  5096 | D:5      | Found a blossoming altar of Fedhas.
  5539 | D:5      | Found an opulent altar of Gozag.
  5720 | D:5      | Reached skill level 1 in Invocations
  5849 | D:6      | Gained mutation: You have a pair of small antennae on your head. [demonic ancestry]
  5849 | D:6      | Reached XP level 8. HP: 48/61 MP: 7/9
  6227 | D:6      | Reached *** piety under Okawaru
  6227 | D:6      | Reached skill level 7 in Crossbows
  6230 | D:6      | Found Rebiul's Gadget Shoppe.
  6233 | D:6      | Reached skill level 5 in Fighting
  6996 | D:7      | Reached skill level 5 in Dodging
  7009 | D:7      | Reached XP level 9. HP: 68/68 MP: 9/12
  7039 | D:7      | Reached skill level 8 in Crossbows
  7062 | D:7      | Reached skill level 5 in Invocations
  7384 | D:7      | Reached **** piety under Okawaru
  7553 | D:7      | Found an ornate altar of the Wu Jian Council.
  7553 | D:7      | Found a glowing silver altar of Zin.
  7553 | D:7      | Found a shadowy altar of Dithmenos.
  7553 | D:7      | Found a bloodstained altar of Trog.
  7588 | D:7      | Received a gift from Okawaru
  7588 | D:7      | Reached skill level 9 in Crossbows
  7861 | D:8      | Found a sand-covered staircase.
  7882 | Ossuary  | Entered an ossuary
  8103 | Ossuary  | Slain by a wyvern zombie

Skill      XL: |  1  2  3  4  5  6  7  8  9 |
---------------+----------------------------+-----
Dodging        | 2 3 4 5 |  5.0
Crossbows      | 4 5 6 7 9 |  9.6
Armour         | 1 2 3 4 |  4.0
Fighting       | 3 4 5 |  5.0
Invocations    | 1 4 6 |  6.0
Stealth        | |  0.8

Action                   |  1- 3 |  4- 6 |  7- 9 || total
-------------------------+-------+-------+-------++-------
Melee: Short sword       |    86 |   136 |    67 ||   289
 Fire: Hand crossbow     |    11 |     7 |   269 ||   287
Invok: Heroism           |       |       |     1 ||     1
  Use: Scroll            |     5 |     8 |     6 ||    19
       Potion            |       |     1 |       ||     1
 Stab: Sleeping          |     3 |       |     1 ||     4
  Eat: Chunk             |     3 |     7 |     1 ||    11
       Ration            |       |       |     3 ||     3
Armor: Leather armour    |    14 |    34 |    44 ||    92
Dodge: Dodged            |    48 |    88 |   123 ||   259
